 Dungeon Crawl Stone Soup version 0.21-a0-84-g85d6d27 (webtiles) character file.

122094 JHuti the Blocker (level 16, -8/91 HPs)
             Began as a Vine Stalker Berserker on July 5, 2017.
             Was the Champion of Trog.
             Shot with a bolt by a naga sharpshooter (21 damage)
             ... on level 3 of the Snake Pit.
             The game lasted 01:20:46 (23691 turns).

JHuti the Blocker (Vine Stalker Berserker)         Turns: 23691, Time: 01:20:46

Health: -8/91      AC: 13    Str: 31    XL:     16   Next: 86%
Magic:  0/17       EV: 17    Int:  4    God:    Trog [******]
Gold:   1654       SH: 19    Dex: 24    Spells: 15/15 levels left

rFire    + + .     SeeInvis +   a - +1 short sword (elec)
rCold    + . .     Gourm    .   h - +0 shield
rNeg     + . .     Faith    .   P - +1 scale mail of the Dice {rPois rN+ Int-3 Dex+9}
rPois    +         Spirit   +   Q - +0 hat {SInv}
rElec    +         Reflect  +   F - +0 cloak
rCorr    +         Harm     .   A - +0 pair of gloves
MR       ++...                  (no boots)
Stlth    +.........             g - +4 amulet of reflection
HPRegen  1.05/turn              d - +5 ring of strength
MPRegen  0.15/turn              l - ring of protection from fire

@: resistant, constricted
A: fangs 3, regeneration 2, magic shield, antimagic bite, no potion heal 3, rot
immunity
a: Berserk, Trog's Hand, Brothers in Arms, Burn Spellbooks, Renounce Religion


You were on level 3 of the Snake Pit.
You worshipped Trog.
Trog was exalted by your worship.
You were not hungry.

You visited 4 branches of the dungeon, and saw 26 of its levels.
You also visited: Labyrinth, Ice Cave and Volcano.

You collected 2125 gold pieces.
You spent 471 gold pieces at shops.

Inventory:

Hand Weapons
 a - a +1 short sword of electrocution (weapon)
 b - a +4 antimagic quick blade
 j - a +2 fustibalus of velocity
Missiles
 E - 77 sling bullets
Armour
 h - a +0 shield (worn)
 A - a +0 pair of gloves (worn)
 F - a +0 cloak (worn)
 P - the +1 scale mail of the Dice (worn) {rPois rN+ Int-3 Dex+9}
   (You bought it in a shop on level 7 of the Dungeon)

   It affects your intelligence (-3).
   It affects your dexterity (+9).
   It protects you from poison.
   It protects you from negative energy.
 Q - a +0 hat of see invisible (worn)
Jewellery
 d - a +5 ring of strength (left hand)
 g - a +4 amulet of reflection (around neck)
 l - a ring of protection from fire (right hand)
 r - an uncursed ring of protection from magic
 y - a +3 ring of evasion
 L - an uncursed ring of see invisible
 S - an uncursed ring of resist corrosion
 Y - an uncursed ring of ice
Wands
 e - a wand of lightning (14/15)
 k - a wand of scattershot (4/9)
 t - a wand of paralysis (17/24)
 u - a wand of polymorph (24/24)
 w - a wand of digging (5/24)
 z - a wand of digging (9/24)
 D - a wand of random effects (25/48)
 K - a wand of iceblast (5/15)
 N - a wand of acid (6/15)
 R - a wand of random effects (32/48)
Scrolls
 i - 2 scrolls of magic mapping
 m - 13 scrolls of remove curse
 o - 4 scrolls of identify
 s - 3 scrolls of blinking
 x - 3 scrolls of teleportation
 G - 3 scrolls of fog
 J - 2 scrolls of fear
 X - 2 scrolls of holy word
Potions
 f - 2 potions of might
 n - 3 potions of lignification
 p - 3 potions of magic
 q - 2 potions of resistance
 v - 2 potions of haste
 B - 3 potions of cancellation
 H - 4 potions of flight
 I - 3 potions of berserk rage
 M - a potion of ambrosia
 U - 3 potions of agility
 V - 6 potions of curing
Comestibles
 c - 11 bread rations


   Skills:
 + Level 13.0 Fighting
 - Level 11.5 Short Blades
 + Level 12.0 Armour
 - Level 10.1 Dodging
 - Level 13.6 Shields


You had 15 spell levels left.
You didn't know any spells.

Dungeon Overview and Level Annotations

Branches:
Dungeon (15/15)            Temple (0/1) D:7            Lair (6/6) D:8
  Swamp (0/4) Lair:2        Snake (3/4) Lair:3        Slime (0/5) Lair:6
    Orc (2/2) D:9             Elf (0/3) Orc:2        Vaults (0/5) D:13
 Depths (0/5) D:15

Altars:
Elyvilon
Gozag
Qazlal
Ru
Xom
The Shining One
Jiyva

Shops:
D:4 *   D:6 }   D:7 [*   Orc:2 [!=}   Snake:1 *

Annotations:
D:6 3 exclusions
Snake:1 exclusion: Roxanne, Roxanne


Innate Abilities, Weirdness & Mutations

You have razor-sharp teeth.
You heal very quickly.
When hurt, damage is shared between your health and your magic reserves.
Your bite disrupts and absorbs the magic of your enemies.
Potions cannot restore your health.
You are immune to rotting.


Message History

You take 42 damage, and have 25/91 hp.
MASSIVE DAMAGE!!
You now have 2/17 mp.
You feel protected.
The anaconda bites you but does no damage.
* * * LOW HITPOINT WARNING * * *
The anaconda constricts you. You block the shock serpent's attack.
The shock serpent bites you!
* * * LOW MAGIC WARNING * * *;
* * * LOW HITPOINT WARNING * * *
The shock serpent shocks you. You resist.
* * * LOW HITPOINT WARNING * * *
You block the salamander's attack. You block the anaconda's attack.
* * * LOW HITPOINT WARNING * * *
The anaconda constricts you. You block the mana viper's attack.
The shock serpent closely misses you.
The shock serpent shoots out a bolt of lightning at you!
The bolt of electricity misses you. You block the black mamba's attack.
The naga sharpshooter casts a spell.
The naga sharpshooter magically shoots a bolt.
The bolt hits you!!
* * * LOW MAGIC WARNING * * *
You die...

############# ###
#............
....+............
....+....<.......
.................
.................
....N..#S........
....#.S@S.#......
#.....SSS........
#.....NS.N.......
#..#>N.8..>#.....
#..............
#..............
.)(.#..<..#....
..$N...#.......
.....N. N......


You could see a naga sharpshooter, a salamander, an anaconda, 3 shock serpents,
a mana viper, 2 black mambas, 2 naga magi and a naga.

Vanquished Creatures
  Gastronok (Lair:1)
  Snorg (Orc:2)
  An ettin (Orc:1)
  The ghost of sscrono2 the Covert, a journeyman OpAs of Ru (D:11)
  A yaktaur captain (D:13)
  A minotaur (Lab)
  8 hydras
  An ice dragon (Orc:2)
  A merfolk avatar (Lair:6)
  3 anacondas
  4 naga warriors
  7 centaur warriors
  An ogre mage (D:15)
  10 two-headed ogres
  The ghost of uglyjohn the Arsonist, a journeyman GrEE of Vehumet (D:10)
  2 naga sharpshooters (Snake:1)
  4 shock serpents
  2 tengu warriors (D:14)
  The ghost of sscrono2 the Covert, a novice OpAs of Ru (D:9)
  A salamander mystic (Snake:2)
  4 skeletal warriors (D:15)
  A wizard (D:15)
  2 unseen horrors
  3 naga ritualists
  9 mana vipers
  A phantasmal warrior (D:13)
  A harpy (shapeshifter) (D:15)
  2 orc knights
  A harpy (Lair:6)
  A wolf spider (shapeshifter) (D:15)
  20 ugly things
  An orc sorcerer (Orc:1)
  A cyclops (D:13)
  6 salamanders
  3 elephants (Lair:6)
  2 manticores
  A torpor snail (Lair:2)
  4 naga magi
  2 centaur zombies
  A guardian serpent (Snake:2)
  2 ice statues (IceCv)
  17 black mambas
  16 spiny frogs
  2 gargoyles
  2 yaktaurs (D:13)
  3 freezing wraiths
  2 yaktaurs (shapeshifter)
  5 rime drakes
  3 kobold demonologists
  8 komodo dragons
  3 efreet (D:15)
  A queen bee (Lair:4)
  7 trolls
  A minotaur zombie (Lab)
  2 wind drakes (Lair:6)
  3 hornets (Lair:6)
  3 meliai (Lair:4)
  7 polar bears (Lair:6)
  A queen bee (shapeshifter) (D:15)
  6 slime creatures
  13 hippogriffs
  8 dream sheep
  A meliai zombie (D:11)
  5 blink frogs (Lair:2)
  3 shadows
  5 wyverns
  5 wraiths
  A vampire (D:12)
  Eustachio (D:4)
  3 hungry ghosts
  35 yaks
  A steam dragon (D:11)
  2 basilisks
  Edmund (D:4)
  10 nagas
  3 soldier ants
  17 water moccasins
  A warg (D:9)
  A soldier ant (shapeshifter) (D:13)
  6 swamp worms (Lair:2)
  7 porcupines
  A hornet zombie (D:6)
  37 orc warriors
  12 ice beasts
  2 phantoms
  4 sky beasts
  11 ogres
  A wolf (D:8)
  3 eyes of draining
  3 boggarts (D:15)
  39 centaurs
  Blork the orc (D:5)
  13 crocodiles
  6 big kobolds
  13 bullfrogs
  2 gnoll sergeants
  A wyvern skeleton (D:12)
  7 scorpions
  2 jellies
  15 wights
  26 killer bees
  An electric eel (Lair:2)
  3 howler monkeys
  6 crimson imps
  A quasit (D:9)
  16 orc priests
  2 bullfrog skeletons (D:10)
  7 hounds
  4 centaur skeletons
  4 iguanas
  6 hell rats (Lair:6)
  20 orc wizards
  7 worker ants
  A killer bee zombie (D:10)
  2 hound zombies (D:8)
  A hound skeleton (D:6)
  A worker ant zombie (D:7)
  6 gnolls
  14 adders
  A howler monkey skeleton (D:7)
  5 shadow imps
  An ooze (D:7)
  An adder skeleton (D:4)
  2 worms
  A dart slug (D:1)
  9 leopard geckos
  98 orcs
  4 ball pythons
  7 bats
  7 giant cockroaches
  9 hobgoblins
  19 jackals
  A quokka (D:4)
  9 frilled lizards
  8 goblins
  28 kobolds
  A quokka zombie (D:6)
  5 rats
858 creatures vanquished.

Vanquished Creatures (others)
  A polar bear (Orc:2)
  5 centaurs
  3 orcs
  2 kobolds (D:11)
  5 fungi
  10 plants
26 creatures vanquished.

Grand Total: 884 creatures vanquished

Notes
Turn   | Place    | Note
-------+----------+-------------------------------------------
     0 | D:1      | JHuti the Vine Stalker Berserker began the quest for the Orb.
     0 | D:1      | Reached XP level 1. HP: 11/11 MP: 2/2
    44 | D:1      | Reached XP level 2. HP: 6/16 MP: 1/3
   324 | D:1      | Reached XP level 3. HP: 7/20 MP: 2/4
   395 | D:1      | Reached ** piety under Trog
   975 | D:2      | Gained mutation: Your natural rate of healing is unusually fast. [Vine Stalker growth]
   975 | D:2      | Reached XP level 4. HP: 23/24 MP: 5/5
  1063 | D:2      | You fall through a shaft!
  1135 | D:3      | Found a stormy altar of Qazlal.
  1383 | D:2      | Found a white marble altar of Elyvilon.
  2055 | D:4      | Reached XP level 5. HP: 20/28 MP: 3/6
  2111 | D:4      | Found Siguserr's General Store.
  2230 | D:4      | Noticed Eustachio
  2240 | D:4      | Reached skill level 5 in Short Blades
  2275 | D:4      | Killed Eustachio
  2275 | D:4      | Reached XP level 6. HP: 31/32 MP: 7/7
  2295 | D:4      | Reached *** piety under Trog
  2423 | D:4      | Got a transparent leather armour
  2434 | D:4      | Identified the +3 leather armour of Zodiuzxint {+Fly Str+2 Int+2} (You found it on level 4 of the Dungeon)
  2471 | D:4      | Noticed Edmund
  2516 | D:4      | Killed Edmund
  2516 | D:4      | Reached XP level 7. HP: 36/36 MP: 6/8
  2781 | D:5      | Entered Level 5 of the Dungeon
  2781 | D:5      | Noticed Blork the orc
  3512 | D:5      | Killed Blork the orc
  3512 | D:5      | Gained mutation: You have razor-sharp teeth. [Vine Stalker growth]
  3512 | D:5      | Reached XP level 8. HP: 40/40 MP: 9/9
  3711 | D:6      | Reached **** piety under Trog
  3775 | D:6      | Found a stormy altar of Qazlal.
  3794 | D:6      | Noticed a hippogriff
  3802 | D:6      | Killed a hippogriff
  3812 | D:6      | Found Pisyss's Gadget Shop.
  4086 | D:6      | Found an opulent altar of Gozag.
  4160 | D:7      | Found a staircase to the Ecumenical Temple.
  4198 | D:6      | Reached skill level 10 in Short Blades
  4288 | D:7      | Found a glowing golden altar of the Shining One.
  4382 | D:7      | Reached XP level 9. HP: 38/44 MP: 10/10
  4507 | D:7      | Found Vedath's General Store.
  4515 | D:7      | Bought a scroll of identify for 30 gold pieces
  4515 | D:7      | Bought a +0 pair of gloves for 67 gold pieces
  4594 | D:7      | Found a sacrificial altar of Ru.
  4905 | D:7      | Found Wyehaph's Armour Emporium.
  5232 | D:8      | Found a staircase to the Lair.
  5305 | D:8      | Noticed Maurice
  5309 | D:8      | Noticed Maurice
  5309 | D:8      | Maurice changed into Maurice the wolf
  5324 | D:8      | Killed Maurice the wolf
  5324 | D:8      | Reached skill level 5 in Fighting
  5854 | D:8      | Reached ***** piety under Trog
  5937 | D:8      | Reached skill level 5 in Armour
  6134 | D:9      | Reached XP level 10. HP: 53/53 MP: 11/11
  6225 | D:9      | Found a staircase to the Orcish Mines.
  6415 | D:9      | Noticed sscrono2's ghost (novice OpAs)
  6483 | D:9      | Killed sscrono2's ghost
  6483 | D:9      | Reached skill level 5 in Dodging
  7109 | D:10     | Entered Level 10 of the Dungeon
  7198 | D:10     | Noticed uglyjohn's ghost (journeyman GrEE)
  7211 | D:10     | Killed uglyjohn's ghost
  7211 | D:10     | Reached XP level 11. HP: 45/56 MP: 12/12
  7514 | D:10     | Noticed a two-headed ogre
  7539 | D:10     | Killed a two-headed ogre
  7669 | D:10     | Noticed a two-headed ogre
  7674 | D:10     | Killed a two-headed ogre
  7828 | D:10     | Received a gift from Trog
  8160 | D:11     | Noticed a two-headed ogre
  8166 | D:11     | Killed a two-headed ogre
  8166 | D:11     | Reached skill level 10 in Dodging
  8213 | D:11     | Noticed sscrono2's ghost (journeyman OpAs)
  8230 | D:11     | Killed sscrono2's ghost
  8446 | D:11     | Noticed a purple ugly thing
  8464 | D:11     | Killed a purple ugly thing
  8579 | D:11     | Gained mutation: You heal very quickly. [Vine Stalker growth]
  8579 | D:11     | Reached XP level 12. HP: 62/62 MP: 13/13
  8613 | D:11     | Noticed a seven-headed hydra
  8622 | D:11     | Killed a seven-headed hydra
  9126 | D:12     | Noticed a centaur warrior
  9133 | D:12     | Killed a centaur warrior
  9378 | D:12     | Received a gift from Trog
  9818 | D:13     | Noticed a yaktaur captain
  9832 | D:13     | Killed a yaktaur captain
  9847 | D:13     | Found a gate to the Vaults.
  9965 | D:13     | Found a labyrinth entrance.
  9995 | Lab      | Entered a labyrinth
 10209 | Lab      | Found an exit through the horrors of the Abyss.
 10315 | Lab      | Noticed a minotaur
 10333 | Lab      | Killed a minotaur
 10343 | Lab      | Identified Huajisso's Catalogue of Battle Magic and Cold
 10397 | Lab      | Got a twisted hunting sling
 10423 | D:13     | Noticed a centaur warrior
 10660 | D:13     | Noticed a death knight
 10669 | D:13     | Reached skill level 1 in Shields
 11029 | D:13     | Noticed a centaur warrior
 11037 | D:13     | Killed a centaur warrior
 11040 | D:13     | Reached XP level 13. HP: 69/69 MP: 14/14
 11179 | D:13     | Reached skill level 5 in Shields
 11573 | D:11     | You fall through a shaft!
 11697 | D:7      | Bought the cursed +1 scale mail of the Dice {rPois rN+ Int-3 Dex+9} for 374 gold pieces
 11780 | Lair:1   | Entered Level 1 of the Lair of Beasts
 12362 | Lair:1   | You fall through a shaft!
 12712 | Lair:2   | Reached ****** piety under Trog
 12839 | Lair:1   | Noticed Gastronok
 12856 | Lair:1   | Killed Gastronok
 13047 | Lair:2   | Reached skill level 10 in Shields
 13206 | Lair:2   | Found a staircase to the Swamp.
 13236 | Lair:2   | Received a gift from Trog
 13513 | Lair:3   | Reached XP level 14. HP: 74/74 MP: 15/15
 13568 | Lair:3   | Found a staircase to the Snake Pit.
 15517 | Lair:5   | Received a gift from Trog
 15969 | Lair:6   | Entered Level 6 of the Lair of Beasts
 16465 | Lair:6   | Found a dark tunnel.
 16472 | Volcano  | Entered a volcano
 16606 | Lair:6   | Found a staircase to the Slime Pits.
 16607 | Lair:6   | Found a viscous altar of Jiyva.
 17286 | Orc:1    | Entered Level 1 of the Orcish Mines
 17292 | Orc:1    | Received a gift from Trog
 17455 | Orc:1    | Reached XP level 15. HP: 69/79 MP: 16/16
 17936 | Orc:2    | Entered Level 2 of the Orcish Mines
 18042 | Orc:2    | Found a frozen archway.
 18120 | IceCv    | Entered an ice cave
 18150 | IceCv    | Found a transporter.
 18538 | Orc:2    | Found a shimmering altar of Xom.
 18678 | Orc:2    | Received a gift from Trog
 18836 | Orc:2    | Reached skill level 10 in Fighting
 18845 | Orc:2    | Noticed Snorg
 18882 | Orc:2    | Killed Snorg
 18987 | Orc:2    | Found a staircase to the Elven Halls.
 19062 | Orc:2    | Found Caets's Distillery.
 19062 | Orc:2    | Found Giemevvyon's Jewellery Shop.
 19064 | Orc:2    | Found Heopra's Gadget Boutique.
 19066 | Orc:2    | Found Licwak's Armour Shoppe.
 19906 | D:14     | Received a gift from Trog
 20042 | D:15     | Entered Level 15 of the Dungeon
 20211 | D:15     | Reached skill level 10 in Armour
 20795 | D:15     | Reached XP level 16. HP: 88/88 MP: 17/17
 20855 | D:15     | Found a staircase to the Depths.
 21283 | D:15     | Received a gift from Trog
 21500 | Snake:1  | Entered Level 1 of the Snake Pit
 21724 | Snake:1  | Got a shimmering leather armour
 21735 | Snake:1  | Identified the +1 leather armour of the Pink Corner {+Blink MP+9} (You found it on level 1 of the Snake Pit)
 21803 | Snake:1  | Noticed Roxanne
 22426 | Snake:1  | Found Giny's Goods Gallery.
 23250 | Snake:2  | Received a gift from Trog
 23562 | Snake:3  | Noticed a nagaraja
 23691 | Snake:3  | Shot with a bolt by a naga sharpshooter

Vault maps used:
D:1:      lemuel_arrival_rhombus, hangedman_abyss_or_decor_lesser_grid,
          grunt_decor_clamped
D:2:      cheibrodos_old_hovel, elyvilon_altar_4
D:3:      first_bread, nicolae_qazlal_general_emergency
D:4:      serial_shops, nicolae_shop_waterfront, uniq_eustachio, uniq_edmund
D:5:      corexii_shack_village, minmay_holes, roderic_aztec_sauvastika,
          uniq_blork_the_orc
D:6:      basic_altar, serial_shops, nicolae_shop_crystal, minmay_crystal_room,
          serial_bayou_lagoon_a, hangedman_abyss_or_decor_slice,
          grunt_gozag_breadcrumbs
D:7:      nicolae_ru_path_of_blood, temple_fountains, serial_shops, shop, shop,
          kennysheep_cross_room, nicolae_tso_carved_into_rock
D:8:      lair_entry_dummy, special_room, uniq_maurice
D:9:      david_orc_1_choice, blue_anna_alchemist
D:10:     grunt_ministairs_2, amethyst_killhole
D:13:     david_vaults_2, lab_entry_generic, kennysheep_generic_room_2
D:14:     wad_floor_pattern_1
D:15:     gammafunk_enter_depths_forms, roderic_lattice_a
Lair:1:   uniq_gastronok
Lair:2:   nicolae_swamp_entry_splash_gauntlet, beast_lair_carwin_4
Lair:3:   minmay_snake_entry_six_corridors, grunt_megastairs_1
Lair:5:   minmay_lindwurm_lava, infiniplex_staircase_pool_2
Lair:6:   gammafunk_lair_ancient_temple, slime_altar_1,
          nicolae_volcano_entry_two_sided, cheibrodos_lair_lostbears
Snake:1:  nicolae_alphabet_shops, uniq_roxanne
Snake:2:  nicolae_snake_nest, nicolae_large_snake_swirl
Snake:3:  serial_shops, shop, nicolae_snake_squiggles, evilmike_ambush
Orc:2:    st_orc_rangers, portal_ice_cave_entry_animals_and_master,
          lemuel_statue_altar, uniq_snorg
Lab:      labyrinth_hidden_loot, nicolae_lab_do_over, nicolae_lab_quarters,
          labyrinth_fake_exit, labyrinth_skeletal_remains
IceCv:    ice_cave_statue_garden_teleport
Volcano:  volcano_lake

Skill      XL: |  1  2  3  4  5  6  7  8  9 10 11 12 13 14 15 16 |
---------------+-------------------------------------------------+-----
Fighting       | 3 6 8 9 11 13 | 13.0
Short Blades   | 3 4 6 8 10 11 | 11.5
Armour         | 2 5 6 7 8 10 12 | 12.0
Dodging        | 7 10 | 10.1
Shields        | 4 10 13 | 13.6

Action                   |  1- 3 |  4- 6 |  7- 9 | 10-12 | 13-15 | 16-18 || total
-------------------------+-------+-------+-------+-------+-------+-------++-------
Melee: Short sword       |   102 |   169 |   196 |   499 |  1508 |   486 ||  2960
       Bite              |    32 |    49 |   158 |   289 |   909 |   291 ||  1728
       Dagger            |       |       |   218 |       |       |       ||   218
       Quick blade       |       |       |       |    94 |       |       ||    94
Invok: Burn Spellbooks   |       |     1 |     1 |     4 |     2 |       ||     8
       Trog's Hand       |       |       |     1 |       |       |       ||     1
       Berserk           |       |       |     3 |     9 |     8 |     2 ||    22
Evoke: Wand              |       |       |     3 |     1 |     1 |       ||     5
  Use: Potion            |     2 |     2 |       |     1 |       |     1 ||     6
       Scroll            |     1 |     4 |     3 |    18 |     8 |     4 ||    38
 Stab: Sleeping          |     1 |       |       |       |       |       ||     1
  Eat: Chunk             |       |     5 |    13 |    19 |    39 |     4 ||    80
       Royal jelly       |       |       |     1 |     2 |     1 |     1 ||     5
       Meat ration       |       |       |       |       |       |     1 ||     1
       Bread ration      |       |       |       |       |       |     1 ||     1
Armor: Animal skin       |     4 |       |       |       |       |       ||     4
       Leather armour    |    12 |     2 |    54 |    86 |    11 |       ||   165
       Ring mail         |       |    37 |       |       |       |       ||    37
       Skin              |       |     7 |       |       |       |       ||     7
       Scale mail        |       |       |       |       |   123 |    48 ||   171
       Ice dragon scales |       |       |       |       |    13 |       ||    13
Dodge: Dodged            |    58 |    75 |   136 |   259 |   521 |   183 ||  1232
Block: Other             |       |       |       |    73 |       |       ||    73
       Reflection        |       |       |       |    12 |    50 |    20 ||    82
       Buckler           |       |       |       |    11 |   570 |    76 ||   657
       Shield            |       |       |       |       |       |   220 ||   220
